 Dungeon Crawl Stone Soup version 0.29.1-1-gd02db6906a (webtiles) character file.

Game seed: 11035694306978966139

74 MisterFreud the Covert (level 4, -1/41 HPs)
             Began as a Gnoll Delver on Oct 8, 2022.
             Slain by an orc
             ... wielding a +0 mace
              (2 damage)
             ... on level 3 of the Dungeon.
             The game lasted 00:01:02 (469 turns).

MisterFreud the Covert (Gnoll Delver)                Turns: 469, Time: 00:01:03

Health: -1/41      AC:  3    Str: 11    XL:     4   Next: 30%
Magic:  5/5        EV: 13    Int: 12    God:
Gold:   19         SH:  0    Dex: 13    Spells: 5/5 levels left

rFire   . . .      SeeInvis .   a - +0 short sword
rCold   . . .      Faith    .   (no shield)
rNeg    . . .      Spirit   .   b - +0 leather armour
rPois   .          Reflect  .   (no helmet)
rElec   .          Harm     .   (no cloak)
rCorr   .          Rampage  .   (no gloves)
Will    .....                   (no boots)
Stlth   ++++......              (no amulet)
HPRegen 0.13/turn               (no ring)
MPRegen 0.09/turn               (no ring)

@: no status effects
A: fangs 1, strong nose, distributed training
a: no special abilities


You were on level 3 of the Dungeon.
You visited 1 branch of the dungeon, and saw 4 of its levels.

You collected 19 gold pieces.

Inventory:

Hand Weapons
 a - a +0 short sword (weapon)
Armour
 b - a +0 leather armour (worn)
Wands
 g - a wand of digging (3)
Scrolls
 c - a scroll of fog
 d - a scroll of magic mapping
 e - a scroll of fear
 i - a scroll of brand weapon {unknown}
 j - a scroll of vulnerability {unknown}
Potions
 f - a potion of haste
 h - a potion of lignification


   Skills:
 + Level 6.6 Fighting
 + Level 4.6 Short Blades
 + Level 1.1 Long Blades
 + Level 1.1 Axes
 + Level 1.1 Maces & Flails
 + Level 1.1 Polearms
 + Level 1.1 Staves
 + Level 1.1 Ranged Weapons
 + Level 1.1 Throwing
 + Level 1.1 Armour
 + Level 4.6 Dodging
 + Level 9.6 Stealth
 + Level 1.1 Shields
 + Level 1.1 Unarmed Combat
 + Level 1.1 Spellcasting
 + Level 0.9 Conjurations
 + Level 0.9 Hexes
 + Level 0.9 Summonings
 + Level 0.9 Necromancy
 + Level 0.9 Translocations
 + Level 0.9 Transmutations
 + Level 0.9 Fire Magic
 + Level 0.9 Ice Magic
 + Level 0.9 Air Magic
 + Level 0.9 Earth Magic
 + Level 0.9 Poison Magic
 + Level 1.2 Invocations
 + Level 1.1 Evocations


You had 5 spell levels left.
You didn't know any spells.
Your spell library was empty.

Dungeon Overview and Level Annotations

Branches:
Dungeon (6/15)
 Temple: D:4-7

Altars:


Innate Abilities, Weirdness & Mutations

You have very sharp teeth.
Your uncanny sense of smell can sniff out nearby items.
Your experience applies equally to all skills.


Message History

* * * LOW HITPOINT WARNING * * *
You barely miss the orc. You bite the orc.
The orc is severely wounded.
The orc misses you.
You barely miss the orc.
The orc is severely wounded.
The orc barely misses you.
You barely miss the orc.
The orc is heavily wounded.
The orc closely misses you.
You hit the orc but do no damage.
The orc is heavily wounded.
The orc hits you with a +0 mace.
* * * LOW HITPOINT WARNING * * *
You hit the orc but do no damage. You bite the orc, but do no damage.
The orc is heavily wounded.
The orc closely misses you.
You closely miss the orc.
The orc is heavily wounded.
You hit the orc. You bite the orc, but do no damage.
The orc is severely wounded.
The orc completely misses you.
You hit the orc. Your bite misses the orc.
The orc is almost dead.
The orc closely misses you.
You hit the orc but do no damage.
The orc is almost dead.
The orc hits you with a +0 mace.
* * * LOW HITPOINT WARNING * * *
You barely miss the orc.
The orc is almost dead.
You hear the slow rusting of a drain nearby.
The orc hits you with a +0 mace.
* * * LOW HITPOINT WARNING * * *
You barely miss the orc. Your bite misses the orc.
The orc is almost dead.
The orc barely misses you.
Okay, then.
You open the door. The orc hits you with a +0 mace.
You die...

#......# #..###o#
##..##o# # ..#.# ###
#.#.# #... #.#o# #....
#...#
.(....##############'###
......'@ooo.........>...
......######...####.....
..... #...# #...). ####
#...# #..... #...#
#..... ##### ######


You could see 3 orcs.

Vanquished Creatures
  A jelly (D:5)
  An orc wizard (D:3)
  9 orcs
11 creatures vanquished.

Notes
Turn   | Place    | Note
-------+----------+-------------------------------------------
     0 | D:5      | Reached skill level 9 in Stealth
     0 | D:5      | MisterFreud the Gnoll Delver began the quest for the Orb.
     0 | D:5      | Reached XP level 1. HP: 23/23 MP: 1/1
    13 | D:5      | Noticed a jelly
    20 | D:5      | Killed a jelly
    21 | D:5      | Reached XP level 2. HP: 29/29 MP: 1/3
    21 | D:5      | Reached XP level 3. HP: 35/35 MP: 1/4
    67 | D:4      | Reached skill level 1 in Invocations
   115 | D:4      | Reached skill level 1 in Long Blades
   115 | D:4      | Reached skill level 1 in Axes
   115 | D:4      | Reached skill level 1 in Maces & Flails
   115 | D:4      | Reached skill level 1 in Polearms
   115 | D:4      | Reached skill level 1 in Staves
   115 | D:4      | Reached skill level 1 in Ranged Weapons
   115 | D:4      | Reached skill level 1 in Throwing
   115 | D:4      | Reached skill level 1 in Armour
   115 | D:4      | Reached skill level 1 in Shields
   115 | D:4      | Reached skill level 1 in Unarmed Combat
   115 | D:4      | Reached skill level 1 in Spellcasting
   115 | D:4      | Reached skill level 1 in Evocations
   453 | D:3      | Reached XP level 4. HP: 21/41 MP: 5/5
   466 | D:3      | HP: 1/41 [orc/+0 mace (2)]
   469 | D:3      | Slain by an orc

Illustrated notes

Levels and vault maps discovered:
D:3:      layout_basic, shapermc_ecumenical_altar_venn, portal_sewer_entry_d,
          kennysheep_generic_room_2
D:4:      layout_loops_ring, lemuel_doored_altar, temple_green,
          chequers_serial_rivers_room_b
D:5:      layout_loops_cross, minmay_lizard_king
D:6:      layout_gridville, lemuel_crystal_altar, uniq_maggie

Skill      XL: |  1  2  3 |
---------------+----------+-----
Stealth        | |  9.6
Invocations    | 1 |  1.2
Long Blades    | 1 |  1.1
Axes           | 1 |  1.1
Maces & Flails | 1 |  1.1
Polearms       | 1 |  1.1
Staves         | 1 |  1.1
Ranged Weapons | 1 |  1.1
Throwing       | 1 |  1.1
Armour         | 1 |  1.1
Shields        | 1 |  1.1
Unarmed Combat | 1 |  1.1
Spellcasting   | 1 |  1.1
Evocations     | 1 |  1.1
Fighting       | |  6.6
Short Blades   | |  4.6
Dodging        | |  4.6
Conjurations   | |  0.9
Hexes          | |  0.9
Summonings     | |  0.9
Necromancy     | |  0.9
Translocations | |  0.9
Transmutations | |  0.9
Fire Magic     | |  0.9
Ice Magic      | |  0.9
Air Magic      | |  0.9
Earth Magic    | |  0.9
Poison Magic   | |  0.9

Action                   |  1- 3 |  4- 6 || total
-------------------------+-------+-------++-------
Melee: Short sword       |    91 |    15 ||   106
       Bite              |     2 |     3 ||     5
  Use: Potion            |     1 |       ||     1
 Stab: Sleeping          |     4 |       ||     4
Armor: Skin              |    25 |       ||    25
       Leather armour    |     8 |       ||     8
Dodge: Dodged            |    29 |     9 ||    38
